 Dungeon Crawl Stone Soup version 0.27-a0-103-g6cd7b45605 (webtiles) character file.

Game seed: 9668513009963729641

8 knot the Chopper (level 2, 19/24 HPs)
             Began as a Demonspawn Berserker on Jan 23, 2021.
             Was a Follower of Trog.
             Quit the game on level 1 of the Dungeon.
             The game lasted 00:00:12 (237 turns).

knot the Chopper (Demonspawn Berserker)              Turns: 237, Time: 00:00:12

Health: 19/24      AC:  4    Str: 17    XL:     2   Next: 0%
Magic:  2/2        EV: 12    Int:  8    God:    Trog [*.....]
Gold:   29         SH:  0    Dex: 12    Spells: 1/1 levels left

rFire    . . .     SeeInvis .   a - +0 hand axe
rCold    . . .     Faith    .   (no shield)
rNeg     . . .     Spirit   .   b - +0 animal skin
rPois    .         Reflect  .   (no helmet)
rElec    .         Harm     .   (no cloak)
rCorr    .         Rampage  .   (no gloves)
Will     .....                  (no boots)
Stlth    +.........             (no amulet)
HPRegen  0.08/turn              (no ring)
MPRegen  0.08/turn              (no ring)

@: no status effects
A: thin metallic scales 1
a: Renounce Religion, Berserk


You were on level 1 of the Dungeon.
You worshipped Trog.
Trog was aware of your devotion.
You visited 1 branch of the dungeon, and saw 1 of its levels.

You collected 29 gold pieces.

Inventory:

Hand Weapons
 a - a +0 hand axe (weapon)
Missiles
 c - 20 stones
Armour
 b - a +0 animal skin (worn)
Scrolls
 d - 2 scrolls of identify {unknown}


   Skills:
 - Level 3.0 Fighting
 + Level 3.2 Axes
 - Level 1.7 Armour
 - Level 1.7 Dodging


You had one spell level left.
You didn't know any spells.
Your spell library was empty.

Dungeon Overview and Level Annotations

Branches:
Dungeon (1/15)

Altars:


Innate Abilities, Weirdness & Mutations

You are partially covered in thin metallic scales. (AC +2)


Message History

a +0 dagger; a goblin corpse; a kobold corpse
Things that are here:
a +0 short sword; a kobold corpse
c - 20 stones (gained 2)
A hobgoblin comes into view. It is wielding a +0 club.
A hobgoblin is nearby!
The helpless hobgoblin fails to defend itself.
You hit the hobgoblin.
The hobgoblin is lightly wounded.
The hobgoblin hits you with a +0 club.
You closely miss the hobgoblin.
The hobgoblin is lightly wounded.
The hobgoblin hits you with a +0 club.
You hit the hobgoblin.
You kill the hobgoblin!
Trog accepts your kill.
You have reached level 2!
Your demonic ancestry asserts itself...
Thin metallic scales grow over part of your body.
Are you sure you want to abandon this character and quit the game? (Confirm with "yes".)

## .# .# .# .# .# .# .#
#.#############.
.########.#...#..)......
................@.......
#.............#.########
#.######...###..........
#.# #.#.# #..########
#.# #.#.# #..# #.#
##†#.###..# #.#
##...†.##..# ...
#..........# #.#
##†)....###.#


There were no monsters in sight!

Vanquished Creatures
  A ball python (D:1)
  A goblin (D:1)
  A hobgoblin (D:1)
  A bat (D:1)
  A frilled lizard (D:1)
  2 kobolds (D:1)
  2 rats (D:1)
9 creatures vanquished.

Notes
Turn   | Place    | Note
-------+----------+-------------------------------------------
     0 | D:1      | knot the Demonspawn Berserker began the quest for the Orb.
     0 | D:1      | Reached XP level 1. HP: 18/18 MP: 1/1
   237 | D:1      | Gained mutation: You are partially covered in thin metallic
                  | scales. (AC +2) [demonic ancestry]
   237 | D:1      | Reached XP level 2. HP: 19/24 MP: 2/2
   237 | D:1      | Quit the game

Illustrated notes

Levels and vault maps discovered:
D:1:      onia_arrival_pyramid, layout_loops_ring, roderic_serpentine_path

Skill      XL: |  1 |
---------------+----+-----
Axes           | 3 |  3.2
Fighting       | |  3.0
Armour         | |  1.7
Dodging        | |  1.7

Action                   || total
-------------------------++-------
Melee: Hand axe          ||    24
 Stab: Sleeping          ||     1
Armor: Animal skin       ||     6
Dodge: Dodged            ||    21

Table legend: (Time is in decaauts)
 A = Elapsed time spent in this place.
 B = Non-inter-level travel time spent in this place.
 C = Inter-level travel time spent in this place.
 D = Time resting spent in this place.
 E = Time spent auto-exploring this place.
 F = Levels seen in this place.
 G = Mean time per level.
                   A        B        C        D        E       F      G
               +--------+--------+--------+--------+--------+-----+--------+
         Total |    240 |    240 |      0 |      0 |    201 |   1 |  240.0 |
       Dungeon |    240 |    240 |      0 |      0 |    201 |   1 |  240.0 |
               +--------+--------+--------+--------+--------+-----+--------+

Top non-repeatable levels by time:
     D:1: 240 daAuts
